 Dungeon Crawl Stone Soup version 0.25.1-8-g42b30a86e7 (webtiles) character file.

Game seed: 11279580925806984943

1120 hawla the Magician (level 8, -6/93 HPs)
             Began as a Black Draconian Conjurer on Dec 16, 2020.
             Was an Initiate of Vehumet.
             Mangled by Edmund
             ... wielding a +0 dire flail of protection
              (13 damage)
             ... on level 5 of the Dungeon.
             The game lasted 00:16:00 (7065 turns).

hawla the Magician (Black Draconian Conjurer)       Turns: 7065, Time: 00:16:01

Health: -6/93      AC: 24    Str:  8 (11) XL:     8   Next: 12%
Magic:  1/18       EV:  2    Int: 16 (18) God:    Vehumet [......]
Gold:   238        SH:  0    Dex: 10 (11) Spells: 14/21 levels left

rFire    . . .     SeeInvis .   j - +2 quarterstaff (chaos)
rCold    . . .     Gourm    .   (shield currently unavailable)
rNeg     + + +     Faith    .   (armour unavailable)
rPois    +         Spirit   .   (helmet currently unavailable)
rElec    .         Reflect  .   (cloak currently unavailable)
rCorr    .         Harm     .   (gloves currently unavailable)
MR       .....     NoTele   +   (boots currently unavailable)
Stlth    +.........             (no amulet)
HPRegen  0.25/turn              h - ring of wizardry
MPRegen  0.16/turn              (no ring)

@: tree-form, very slightly contaminated, heavily drained
A: (breathe lightning), unfitting armour, AC +6
a: Renounce Religion


You were on level 5 of the Dungeon.
You worshipped Vehumet.
Vehumet was noncommittal.
You were not hungry.
You were a tree.
You visited 2 branches of the dungeon, and saw 7 of its levels.

You collected 238 gold pieces.

Inventory:

Hand Weapons
 j - a +2 quarterstaff of chaos (weapon)
Missiles
 v - a boomerang of dispersal (quivered)
Armour
 k - a +0 cloak (melded)
 m - a +1 hat (melded)
Jewellery
 h - a ring of wizardry (left branch)
Wands
 e - a wand of flame (14)
 i - a wand of polymorph (9)
 r - a wand of iceblast (6)
Scrolls
 f - a scroll of amnesia
 n - a scroll of enchant armour
 q - 3 scrolls of teleportation
 t - a scroll of identify
 u - a scroll of remove curse
Potions
 c - a potion of degeneration
 d - 2 potions of resistance
 g - a potion of might
 s - a potion of stabbing {unknown}
Comestibles
 o - 3 rations


   Skills:
 - Level 2.5(0.3) Fighting
 - Level 0.5(0.0) Throwing
 - Level 2.5(0.3) Dodging
 - Level 2.0(0.0) Stealth
 + Level 7.1(4.7) Spellcasting
 - Level 5.3(3.0) Conjurations
 - Level 3.1(0.9) Translocations


You had 14 spell levels left.
You knew the following spells:

 Your Spells              Type           Power        Failure   Level  Hunger
a - Magic Dart            Conj           ##..         1%          1    None
b - Searing Ray           Conj           ##....       2%          2    ##.....
c - Iskenderun's Mystic   Conj/Tloc      ##......     26%         4    ####...

Your spell library contained the following spells:

 Spells                   Type           Power        Failure   Level  Hunger
 Dazzling Flash           Conj/Hex       #.....       11%         3    ###....
 Fulminant Prism          Conj/Hex       #.........   32%         4    ####...


Dungeon Overview and Level Annotations

Branches:
Dungeon (6/15)             Temple (1/1) D:4

Altars:
Ashenzari
Cheibriados
Dithmenos
Elyvilon
Fedhas
Gozag
Hepliaklqana
Makhleb
Nemelex Xobeh
Qazlal
Ru
Sif Muna
Trog
Uskayaw
Vehumet
Wu Jian
Xom
Yredelemnul
Zin
The Shining One

Annotations:
D:3 Do some digging
D:5 Edmund


Innate Abilities, Weirdness & Mutations

((You can breathe wild blasts of lightning.))
((Your glossy black scales are hard. (AC +6)))
You cannot fit into any form of body armour.
((You are resistant to electric shocks. (rElec)))
((You are cold-blooded and may be slowed by cold attacks.))


Message History

You hit Edmund but do no damage.
Edmund is almost dead.
Edmund hits you with a +0 dire flail of protection.
* * * LOW HITPOINT WARNING * * *
Edmund hits you but does no damage.
You barely miss Edmund.
Edmund is almost dead.
Edmund hits you with a +0 dire flail of protection!
* * * LOW HITPOINT WARNING * * *
Edmund hits you but does no damage.
You feel better.
Edmund hits you with a +0 dire flail of protection.
* * * LOW HITPOINT WARNING * * *
The phantom blinks!
It was a potion of degeneration.
There was something very wrong with that liquid.
You feel weakened.
You feel dopey.
You feel clumsy. Edmund hits you but does no damage.
Edmund hits you with a +0 dire flail of protection!
You die...

###.##..................#........
#.##..................######...
#.##..................# #...
#.##...............#########...
#.##...............#...........
#.##........##.....#...........
#.##........##.....#.........##
#..'........W.@....#.........#
####........##♣....#.........#
#........##.....#.......(.##
#........##.....#...........
#........##.....#...........
#################...........
#........... ######...... #......
#......


You could see Edmund (berserk) and a phantom.

Vanquished Creatures
  Grinder (D:3)
  Sigmund (D:4)
  A centaur (D:5)
  A howler monkey (D:5)
  5 wights
  A hound (D:4)
  Crazy Yiuf (D:2)
  Ijyb (D:4)
  Terence (D:2)
  Natasha (thrice) (D:2)
  A worker ant (D:4)
  A hound zombie (D:5)
  2 hound skeletons
  8 gnolls
  4 adders
  A howler monkey skeleton (D:4)
  5 dart slugs
  2 leopard geckos
  4 orcs
  3 giant cockroaches
  8 goblins
  8 hobgoblins
  13 jackals
  A ball python (D:1)
  A ball python skeleton (D:4)
  11 bats
  5 frilled lizards
  A jackal skeleton (D:4)
  5 kobolds
  A leopard gecko skeleton (D:4)
  A leopard gecko zombie (D:6)
  4 rats
106 creatures vanquished.

Notes
Turn   | Place    | Note
-------+----------+-------------------------------------------
     0 | D:1      | hawla the Draconian Conjurer began the quest for the Orb.
     0 | D:1      | Reached XP level 1. HP: 14/14 MP: 3/3
   187 | D:1      | Reached XP level 2. HP: 13/20 MP: 3/5
   710 | D:1      | Reached skill level 3 in Spellcasting
   714 | D:1      | Learned a level 2 spell: Searing Ray
  1015 | D:2      | Noticed Natasha
  1026 | D:2      | Noticed a crimson imp
  1034 | D:2      | Reached XP level 3. HP: 21/26 MP: 0/7
  1272 | D:2      | Killed Natasha
  1472 | D:2      | Found a runed translucent door.
  1473 | D:2      | Noticed Crazy Yiuf
  1501 | D:2      | Noticed Natasha
  1505 | D:2      | Killed Natasha
  1505 | D:2      | Reached skill level 4 in Spellcasting
  1505 | D:2      | Reached XP level 4. HP: 27/33 MP: 5/10
  1625 | D:2      | Noticed Terence
  1634 | D:2      | Killed Terence
  1925 | D:2      | Found a glowing silver altar of Zin.
  2155 | D:2      | Reached XP level 5. HP: 39/39 MP: 4/11
  2177 | D:2      | Reached skill level 1 in Fighting
  2488 | D:2      | Noticed Natasha
  2494 | D:2      | Killed Natasha
  2576 | D:2      | Killed Crazy Yiuf
  2761 | D:3      | Learned a level 4 spell: Iskenderun's Mystic Blast
  2874 | D:3      | Found a hide-covered altar of Uskayaw.
  2874 | D:3      | Noticed a +0 hand axe
  2875 | D:3      | Noticed a +0 dagger
  2973 | D:3      | Found a blossoming altar of Fedhas.
  3056 | D:4      | Noticed Ijyb
  3066 | D:4      | Killed Ijyb
  3468 | D:3      | Noticed Grinder
  3483 | D:3      | Killed Grinder
  3483 | D:3      | Reached skill level 5 in Spellcasting
  3483 | D:3      | Reached skill level 1 in Translocations
  3483 | D:3      | Reached XP level 6. HP: 50/50 MP: 1/13
  4015 | D:4      | Noticed Sigmund
  4023 | D:4      | Killed Sigmund
  4023 | D:4      | Your scales start taking on a glossy black colour.
  4023 | D:4      | Reached XP level 7. HP: 29/56 MP: 5/15
  4023 | D:4      | Gained mutation: You are resistant to electric shocks.
                  | (rElec) [Black Draconian growth]
  4183 | D:4      | Reached skill level 5 in Conjurations
  4294 | D:4      | Found a shimmering altar of Xom.
  4360 | D:4      | Found a staircase to the Ecumenical Temple.
  4369 | Temple   | Entered the Ecumenical Temple
  4568 | Temple   | Became a worshipper of Vehumet
  4711 | D:4      | Found an opulent altar of Gozag.
  5437 | D:5      | Entered Level 5 of the Dungeon
  5659 | D:5      | Reached skill level 6 in Spellcasting
  6649 | D:5      | Reached XP level 8. HP: 31/62 MP: 3/18
  6804 | D:6      | Noticed Edmund
  7009 | D:5      | Reached skill level 7 in Spellcasting
  7017 | D:5      | HP: 1/62 [Edmund/+0 dire flail of protection (10)]
  7065 | D:5      | Mangled by Edmund

Illustrated notes

Levels and vault maps discovered:
D:1:      saegor_arrival_miasma, layout_basic, kennysheep_crisscross
D:2:      layout_loops_ring, lemuel_round_altar, uniq_crazy_yiuf_cottage,
          uniq_terence, uniq_natasha
D:3:      layout_basic, dancing_weapons_uskayaw, fedhas_altar_fruit_tree,
          uniq_grinder
D:4:      layout_loops_corners, nicolae_gozag_seed_capital, tgw_xom,
          minmay_temple_entry_junction, chequers_big_river, uniq_ijyb,
          uniq_sigmund
D:5:      layout_basic, first_ration, minmay_holes
D:6:      kennysheep_housing_project, layout_rooms, minmay_manual_monstrance,
          uniq_edmund
Temple:   regret_index_temple_generic_petals

Skill      XL: |  1  2  3  4  5  6  7  8 |
---------------+-------------------------+-----
Stealth        | 2 |  2.0
Spellcasting   | 3 4 5 6 7 |  7.1
Dodging        | 2 |  2.5
Fighting       | 2 |  2.5
Translocations | 1 2 3 |  3.1
Conjurations   | 5 |  5.3
Throwing       | |  0.5

Action                   |  1- 3 |  4- 6 |  7- 9 || total
-------------------------+-------+-------+-------++-------
Melee: Unarmed           |    14 |     5 |       ||    19
       Tailslap          |     3 |     1 |     2 ||     6
       Quarterstaff      |       |       |    18 ||    18
 Cast: Magic Dart        |    34 |    44 |    30 ||   108
       Searing Ray       |    10 |    28 |    19 ||    57
       Iskenderun's Myst |       |       |    10 ||    10
 Abil: Breathe Lightning |       |       |     2 ||     2
  Use: Scroll            |     3 |     4 |     4 ||    11
       Potion            |     2 |       |     5 ||     7
  Eat: Chunk             |     2 |     5 |     6 ||    13
       Ration            |       |     1 |     2 ||     3
Armor: Skin              |    11 |    14 |    45 ||    70
Dodge: Dodged            |    12 |    21 |    46 ||    79
